 Dungeon Crawl Stone Soup version 0.16-a0-3280-g3a29b53 (webtiles) character file.

12 Ololoev the Skirmisher (level 2, -4/24 HPs)
             Began as a Mummy Chaos Knight on Dec 24, 2014.
             Was a Plaything of Xom.
             Slain by a kobold
             ... wielding a +0 club
              (5 damage)
             ... on level 1 of the Dungeon.
             The game lasted 00:00:40 (373 turns).

Ololoev the Skirmisher (Mummy Chaos Knight)          Turns: 373, Time: 00:00:41

Health: -4/24      AC:  5    Str: 15    XL:     2   Next: 20%
Magic:  2/2        EV: 11    Int: 11    God:    Xom [....*.]
Gold:   29         SH:  0    Dex: 11    Spells: 0 memorised, 1 level left

rFire  x . .     SeeInvis .     a - +0 spear (chaos)
rCold  + . .     Clarity  .     b - +2 leather armour
rNeg   + + +     SustAb   .     (no shield)
rPois  ∞         Gourm    .     (no helmet)
rElec  .         Spirit   .     (no cloak)
rCorr  .         Warding  .     (no gloves)
rMut   .         Stasis   .     (no boots)
MR     .....                    (no amulet)
Stlth  +.........               (no ring)
                                (no ring)

@: not resistant to hostile enchantments, very unstealthy
A: no food or potions, fire vulnerability, restore body, cold resistance 1,
negative energy resistance 3, poison resistance, torment resistance, unbreathing
a: Renounce Religion


You were on level 1 of the Dungeon.
You worshipped Xom.
You were a beloved toy of Xom.
You were not hungry.

You visited 1 branch of the dungeon, and saw 1 of its levels.

You collected 29 gold pieces.

Notes
Turn   | Place    | Note
--------------------------------------------------------------
     0 | D:1      | Ololoev, the Mummy Chaos Knight, began the quest for the Orb.
     0 | D:1      | Reached XP level 1. HP: 18/18 MP: 1/1
   173 | D:1      | Reached XP level 2. HP: 21/24 MP: 2/2
   258 | D:1      | XOM: harmless Trmt miscast
   356 | D:1      | XOM: silly message
   370 | D:1      | HP: 1/24 [kobold/club (6)]
   370 | D:1      | XOM: butterfly on damage
   373 | D:1      | Slain by a kobold

Inventory:

Hand weapons
 a - a +0 spear of chaos (weapon)
Armour
 b - a +2 leather armour (worn)
Scrolls
 c - a scroll of identify {unknown}
 d - 2 scrolls of enchant weapon {unknown}
 e - a scroll of recharging {unknown}
 f - a scroll of fog {unknown}
 g - a scroll of enchant armour {unknown}
 h - a scroll of teleportation {unknown}
 i - a scroll of remove curse {unknown}

Table legend:
 A = Turns spent in this place as a percentage of turns spent in the entire game.
 B = Non-inter-level travel turns spent in this place as a percentage of non-inter-level travel turns spent in the entire game.
 C = Inter-level travel turns spent in this place as a percentage of turns spent in this place.
 D = Turns resting spent in this place as a percentage of non-inter-level travel turns spent in this place.
 E = Turns spent auto-exploring this place as a percentage of non-inter-level travel turns spent in this place.
 F = Non-inter-level travel turns spent in this place divided by the number of levels of this place that you've seen.
                   A       B       C       D       E      F
               +-------+-------+-------+-------+-------+----------------------
         Total | 100.0 | 100.0 |   0.0 |   0.0 |  10.5 | 248.0
       Dungeon | 100.0 | 100.0 |   0.0 |   0.0 |  10.5 | 248.0
               +-------+-------+-------+-------+-------+----------------------


   Skills:
 - Level 3.0 Fighting
 + Level 2.7 Polearms
 + Level 2.0 Armour
 - Level 0.7 Dodging


You had one spell level left.
You didn't know any spells.

Dungeon Overview and Level Annotations

Branches:
Dungeon (1/15)

Altars:


Innate Abilities, Weirdness & Mutations

You do not eat or drink.
Your flesh is vulnerable to fire.
Your flesh is cold resistant.
You are immune to negative energy.
Your system is resistant to poisons.
You are immune to unholy pain and torment.
You can survive without breathing.


Message History

You hit the goblin.
You kill the goblin!
The hobgoblin barely misses you.
You hit the hobgoblin but do no damage.
The hobgoblin flickers and vanishes!
Deactivating autopickup; reactivate with Ctrl-A.
Something hits you but does no damage.
You barely miss something. Something barely misses you.
Something hits you but does no damage.
You barely miss something. Something hits you.
You hit something. You burn something.
Reactivating autopickup.
Your Armour skill increases to level 2!
You feel a bit more experienced.
You hit the kobold but do no damage. You hit the kobold but do no damage.
The kobold goes berserk!
Xom thinks this is hilarious!
The kobold closely misses you. The kobold barely misses you.
You hit the kobold.
You feel better.
The kobold is moderately wounded.
The kobold hits you with a club.
You miss the kobold.
The kobold is moderately wounded.
The kobold misses you.
You hit the kobold.
You heal the kobold.
The kobold is completely healed.
The kobold hits you with a club. The kobold closely misses you.
You barely miss the kobold. The kobold closely misses you.
You hit the kobold.
The kobold is moderately wounded.
The kobold hits you with a club.
A shower of butterflies erupts from you!
You hit the kobold but do no damage.
The kobold is moderately wounded.
The kobold barely misses you.
You hit the kobold but do no damage.
The kobold is moderately wounded.
The kobold closely misses you. The kobold barely misses you.
You barely miss the kobold.
The kobold is moderately wounded.
The kobold hits you with a club.
You die...

.###......##
#######..
.'.'.........
...........
.###.......#
#...........# ##
#.......#
#..........?#
#.......#
#...........#
#.......#
#......K....#
#.......#
#.%.........#
#.......# #########(#
#.......# #bb@KKK...#
#.......# #.#########
#######.###'#######
#.#.........#
#.#.........#
#.#.........# #####
##'#.........# ....##
#...##.#############
.....##
#...##.##...........#


You could see 3 kobolds.

Table legend:
 A = Kills in this place as a percentage of kills in entire the game.
 B = Kills by you in this place as a percentage of kills by you in the entire game.
 C = Kills by friends in this place as a percentage of kills by friends in the entire game.
 D = Other kills in this place as a percentage of other kills in the entire game.
 E = Experience gained in this place as a percentage of experience gained in the entire game.
 F = Experience gained in this place divided by the number of levels of this place that you have seen.
                   A       B       C       D       E      F
               +-------+-------+-------+-------+-------+----------------------
         Total | 100.0 | 100.0 |  -nan |  -nan | 100.0 |  18.0
       Dungeon | 100.0 | 100.0 |  -nan |  -nan | 100.0 |  18.0
               +-------+-------+-------+-------+-------+----------------------

Vanquished Creatures
  A bat (D:1)
  2 giant cockroaches (D:1)
  2 goblins (D:1)
  A hobgoblin (D:1)
  3 giant newts (D:1)
  4 kobolds (D:1)
13 creatures vanquished.

Action                   || total
-------------------------++-------
Melee: Spear             ||    55

Vault maps used:
D:1:      lemuel_arrival_rhombus
